 Dungeon Crawl Stone Soup version 0.19-a0-1654-g9d3f708 (webtiles) character file.

157 HungrySpirit the Slasher (level 5, -1/40 HPs)
             Began as a Centaur Fighter on Sept 20, 2016.
             Was an Initiate of Hepliaklqana.
             Slain by an ogre
             ... wielding a +0 giant club
              (20 damage)
             ... on level 4 of the Dungeon.
             The game lasted 00:06:05 (3191 turns).

HungrySpirit the Slasher (Centaur Fighter)          Turns: 3191, Time: 00:06:06

Health: -1/40      AC:  6    Str: 20    XL:     5   Next: 15%
Magic:  5/5        EV:  7    Int: 10    God:    Hepliaklqana [......]
Gold:   41         SH:  0    Dex:  8    Spells: 0 memorised, 4 levels left

rFire  . . .     SeeInvis .     a - +0 long sword
rCold  . . .     Gourm    .     b - +0 scale mail
rNeg   . . .     Faith    .     (no shield)
rPois  .         Spirit   .     (no helmet)
rElec  .         Dismiss  .     (no cloak)
rCorr  +         Reflect  .     (no gloves)
MR     .....     Harm     .     (no barding)
Stlth  ..........               (no amulet)
                                n - +3 ring of intelligence
                                F - ring of resist corrosion (curse)

@: very quick
A: reduced essence, hooves 3, deformed body, speed 2, tough skin 3
a: Recall Ancestor, Ancestor Identity, Renounce Religion


You were on level 4 of the Dungeon.
You worshipped Hepliaklqana.
Hepliaklqana was noncommittal.
You were not hungry.

You visited 2 branches of the dungeon, and saw 5 of its levels.

You collected 156 gold pieces.
You spent 115 gold pieces at shops.

Inventory:

Hand Weapons
 a - a +0 long sword (weapon)
 D - a +0 hand crossbow
Missiles
 E - a throwing net (quivered)
Armour
 b - a +0 scale mail (worn)
 c - a +0 shield
Jewellery
 n - a +3 ring of intelligence (right hand)
 F - a cursed ring of resist corrosion (left hand)
Wands
 y - a wand of enslavement (8/24)
Scrolls
 h - 6 scrolls of remove curse {unknown}
 i - a scroll of fear {unknown}
 j - 3 scrolls of noise {unknown}
 k - 2 scrolls of teleportation {unknown}
 l - a scroll of blinking {unknown}
 o - 5 scrolls of identify {unknown}
 p - a scroll of random uselessness {unknown}
 q - a scroll of amnesia {unknown}
 t - a scroll of fog {unknown}
 v - 2 scrolls of enchant armour {unknown}
 x - a scroll of immolation {unknown}
Potions
 d - a potion of might
 e - a potion of ambrosia {unknown}
 m - 3 potions of haste {unknown}
 r - 3 potions of mutation
 w - 2 potions of berserk rage {unknown}
 A - a potion of brilliance {unknown}
 B - a potion of agility {unknown}
 C - 2 potions of heal wounds
 H - a potion of curing
Comestibles
 f - 4 bread rations
 g - a slice of pizza
 s - a beef jerky
 u - 2 meat rations
 z - 3 fruits
 G - a chunk of flesh


   Skills:
 - Level 3.0 Fighting
 + Level 4.7 Long Blades
 - Level 2.1 Armour
 + Level 0.4 Dodging
 + Level 0.3 Stealth
 - Level 2.1 Shields


You had 4 spell levels left.
You didn't know any spells.

Dungeon Overview and Level Annotations

Branches:
Dungeon (4/15)             Temple (1/1) D:4

Altars:
Ashenzari
Elyvilon
Fedhas
Hepliaklqana
Kikubaaqudgha
Makhleb
Nemelex Xobeh
Okawaru
Qazlal
Ru
Sif Muna
Trog
Xom
Yredelemnul
Zin

Shops:
D:4 !


Innate Abilities, Weirdness & Mutations

You have hooves in place of feet.
Armour fits poorly on your strangely shaped body.
You cover ground very quickly.
You have extremely tough skin. (AC +3)
Your life essence is reduced. (-10% HP)


Message History

(D) Dungeon (T) Temple
Where to? (Enter - D:3 @ (x,y), ? - help)
You see here 3 javelins.
There is a stone staircase leading down here.
You climb downwards.
There is a stone staircase leading up here.
Found a stone staircase leading down.
j - 3 scrolls labeled ULLYHEH WYPS (gained 1)
An ogre is nearby!
An ogre is nearby!
An ogre is nearby!
The ogre barely misses you.
You barely miss the ogre. Your kick misses the ogre.
The ogre hits you with a giant club!
You barely miss the ogre. The ogre closely misses you.
You hit the ogre.
The ogre is lightly wounded.
The ogre hits you with a giant club!!
Ouch! That really hurt!
You die...

#.# #.# #.##.....
#..###
###########...###
#.###. .## #.# #. #
#.# #. ### #.# #. #
##.###.# #. ##.
##.#.##.###. ##...
#.###s....o.
#.....###.#g##.>...


You could see an ogre.

Vanquished Creatures
  Jessica (D:3)
  Terence (D:3)
  Robin (D:1)
  2 gnolls
  An adder (D:3)
  A worm (D:2)
  A dart slug (D:1)
  3 bats
  2 giant cockroaches
  15 goblins
  7 hobgoblins
  3 jackals (D:1)
  2 quokkas
  3 frilled lizards
  7 kobolds
  6 rats
56 creatures vanquished.

Vanquished Creatures (collateral kills)
  2 orcs (D:4)
2 creatures vanquished.

Vanquished Creatures (others)
  A gnoll (D:4)
  An ancestor (D:4)
  21 toadstools (D:4)
23 creatures vanquished.

Grand Total: 81 creatures vanquished

Notes
Turn   | Place    | Note
-------+----------+-------------------------------------------
     0 | D:1      | HungrySpirit the Centaur Fighter began the quest for the Orb.
     0 | D:1      | Reached XP level 1. HP: 19/19 MP: 1/1
    36 | D:1      | Reached skill level 2 in Long Blades
   272 | D:1      | Reached XP level 2. HP: 26/26 MP: 2/2
   594 | D:1      | Reached skill level 3 in Long Blades
   890 | D:2      | Found a bloodstained altar of Trog.
   903 | D:2      | Reached XP level 3. HP: 29/31 MP: 3/3
  1127 | D:2      | Found a glowing silver altar of Zin.
  1208 | D:2      | Noticed Robin
  1373 | D:1      | Killed Robin
  1868 | D:3      | Noticed Terence
  1884 | D:3      | Killed Terence
  1884 | D:3      | Reached skill level 4 in Long Blades
  1884 | D:3      | Reached XP level 4. HP: 29/38 MP: 4/4
  1970 | D:3      | Found a basalt altar of Yredelemnul.
  2401 | D:3      | Noticed Jessica
  2420 | D:3      | Killed Jessica
  2824 | D:4      | Noticed an orc warrior
  2911 | D:4      | Found Fucku's Distillery.
  2924 | D:4      | Bought a potion of heal wounds for 50 gold pieces
  2924 | D:4      | Bought a potion of curing for 30 gold pieces
  2924 | D:4      | Bought a potion of degeneration for 10 gold pieces
  2924 | D:4      | Bought a potion of mutation for 25 gold pieces
  2970 | D:4      | Found a staircase to the Ecumenical Temple.
  2979 | D:4      | Reached XP level 5. HP: 37/45 MP: 5/5
  2981 | Temple   | Entered the Ecumenical Temple
  3049 | Temple   | Became a worshipper of Hepliaklqana
  3076 | D:4      | Noticed an ogre
  3191 | D:4      | Slain by an ogre

Vault maps used:
D:1:      mainiacjoe_arrival_reflecting_pool
D:2:      zin_scriptorium, nicolae_overflow_crystal_walls, uniq_robin
D:3:      lemuel_doored_altar, first_bread, kennysheep_jessica_study,
          uniq_terence
D:4:      lemuel_round_altar, serial_shops, shop, tgw_fedhas
Temple:   cyrus_circular_temple

Skill      XL: |  1  2  3 |
---------------+----------+-----
Long Blades    | 2 3 4 |  4.7
Fighting       | |  3.0
Armour         | |  2.1
Dodging        | |  0.4
Stealth        | |  0.3
Shields        | |  2.1

Action                   |  1- 3 |  4- 6 || total
-------------------------+-------+-------++-------
Melee: Long sword        |   116 |    79 ||   195
       Kick              |    20 |    12 ||    32
Evoke: Wand              |       |     1 ||     1
  Eat: Chunk             |     1 |     4 ||     5
Armor: Scale mail        |    54 |    36 ||    90
Dodge: Dodged            |    30 |    38 ||    68
